 Dungeon Crawl Stone Soup version 0.19-a0-593-gf2cdb02 (webtiles) character file.

33 mistymad the Vexing (level 3, 0/25 HPs)
             Began as a Vampire Enchanter on June 10, 2016.
             Succumbed to an adder's poison
             ... on level 2 of the Dungeon.
             The game lasted 00:02:02 (1425 turns).

mistymad the Vexing (Vampire Enchanter)             Turns: 1425, Time: 00:02:02

Health: 0/25       AC:  3    Str:  7    XL:     3   Next: 12%
Magic:  0/6        EV: 13    Int: 17    God:
Gold:   44         SH:  0    Dex: 15    Spells: 2 memorised, 3 levels left

rFire  . . .     SeeInvis +     a - +1 dagger
rCold  . . .     Gourm    .     b - +1 robe
rNeg   + . .     Faith    .     (no shield)
rPois  .         Spirit   .     (no helmet)
rElec  .         Dismiss  .     (no cloak)
rCorr  .         Reflect  .     (no gloves)
SustAt .         Harm     .     (no boots)
MR     .....                    (no amulet)
Stlth  +++.......               (no ring)
                                (no ring)

@: lethally poisoned (0 -> -2), very slightly contaminated, not resistant to
hostile enchantments, fairly stealthy
A: fangs 3, see invisible, unbreathing
a: Bat Form


You were on level 2 of the Dungeon.
You were not thirsty.

You visited 1 branch of the dungeon, and saw 2 of its levels.

You collected 44 gold pieces.

Inventory:

Hand Weapons
 a - a +1 dagger (weapon)
Armour
 b - a +1 robe (worn)
Jewellery
 e - an uncursed ring of stealth {unknown}
Scrolls
 h - a scroll of fog {unknown}
 i - a scroll of random uselessness {unknown}
Potions
 d - 4 potions of blood
 f - a potion of curing {unknown}
 g - a potion of berserk rage {unknown}
 j - a potion of degeneration {unknown}
Books
 c - a book of Maledictions

   Spells                             Type                      Level
   a - Corona                         Hexes                        1
   b - Ensorcelled Hibernation        Hexes/Ice                    2
   c - Confuse                        Hexes                        3
   d - Tukima's Dance                 Hexes                        3
   e - Dazzling Spray                 Conjuration/Hexes            3


   Skills:
 + Level 0.8 Fighting
 + Level 1.7 Short Blades
 + Level 2.6 Dodging
 + Level 4.7 Stealth
 + Level 2.1 Spellcasting
 + Level 4.8 Hexes


You had 3 spell levels left.
You knew the following spells:

 Your Spells              Type           Power        Failure   Level  Hunger
a - Corona                Hex            ###....      2%          1    #......
b - Ensorcelled Hibernat  Hex/Ice        #.....       14%         2    ###....


Dungeon Overview and Level Annotations

Branches:
Dungeon (2/15)

Altars:
Dithmenos
Okawaru


Innate Abilities, Weirdness & Mutations

You have razor-sharp teeth.
You have supernaturally acute eyesight. (SInv)
You can survive without breathing.


Message History

You are very lightly contaminated with residual magic.
Nothing appears to happen.
The bat completely misses you. The adder bites you but does no damage.
You now have 2/6 mp.
Casting: Ensorcelled Hibernation
Confirm with . or Enter, or press ? or * to list all spells.
Aiming: Ensorcelled Hibernation
Press: ? - help, Shift-Dir - straight line, f/p - adder
Aim: an adder (chance to defeat MR: 50%)
You miscast Ensorcelled Hibernation.
You hear an indistinct dissonance whispering inside your mind.
The bat misses you. The adder bites you.
* * * LOW HITPOINT WARNING * * *
You take 4 damage, and have 2/25 hp.
You now have 0/6 mp.
* * * LOW HITPOINT WARNING * * *
You feel sick. The bat closely misses you. The adder closely misses you.
You take 1 damage, and have 1/25 hp.
The bat barely misses you. The bat misses you. The adder closely misses you.
You die...

####...........#..........#
#.....†.....#..........#
#...........#†.........#
#....†......#....(.....#
#....)......#..........#
##....#.#)..#..........#
#...#.§.#..#bS........#
#.§#§#§#§#§#..........#
#..§§§§§§..'@....######
#..#§#§#§#.#######
#...#.§.#..# #....#.#...#
#..†...§...# #..........#
#..........# ############


You could see an adder and a bat.

Vanquished Creatures
  2 dart slugs
  A giant gecko (D:1)
  2 bats
  3 goblins (D:1)
  5 hobgoblins (D:1)
  A quokka (D:2)
  3 giant newts (D:1)
  5 kobolds
  8 rats
30 creatures vanquished.

Notes
Turn   | Place    | Note
--------------------------------------------------------------
     0 | D:1      | mistymad the Vampire Enchanter began the quest for the Orb.
     0 | D:1      | Reached XP level 1. HP: 13/13 MP: 3/3
   313 | D:1      | Reached XP level 2. HP: 19/19 MP: 5/5
   317 | D:1      | Learned a level 2 spell: Ensorcelled Hibernation
  1265 | D:2      | Found an iron altar of Okawaru.
  1269 | D:2      | Found a shadowy altar of Dithmenos.
  1286 | D:2      | Reached XP level 3. HP: 25/25 MP: 6/6
  1421 | D:2      | HP: 1/25 [poisoned by an adder]
  1425 | D:2      | Succumbed to an adder's poison

Vault maps used:
D:1:      saegor_arrival_under_anarchy
D:2:      nicolae_overflow_crystal_walls, grunt_dithmenos_smoke_and_mirrors,
          kennysheep_generic_room_14

Action                   || total
-------------------------++-------
Melee: Dagger            ||    95
       Bite              ||     6
 Cast: Corona            ||     3
       Ensorcelled Hiber ||     2
  Use: Potion            ||     1
 Stab: Sleeping          ||    12
Armor: Robe              ||    21
Dodge: Dodged            ||    83
